 Dungeon Crawl Stone Soup version 0.21-a0-279-g6037ffb (webtiles) character file.

670113 4thArraOfDagon the Ruinous (level 27, -17/221 HPs)
             Began as a Hill Orc Ice Elementalist on Sept 22, 2017.
             Was the Champion of Vehumet.
             Demolished by a death scarab (25 damage)
             ... on level 3 of the Tomb of the Ancients on Sept 23, 2017.
             The game lasted 04:34:44 (37765 turns).

4thArraOfDagon the Ruinous (HOIE)                  Turns: 37765, Time: 04:34:45

Health: -17/221    AC: 26    Str: 10      XL:     27
Magic:  27/57      EV: 13    Int: 41 (42) God:    Vehumet [******]
Gold:   1985       SH:  7    Dex: 10      Spells: 3/67 levels left

rFire    + . .     SeeInvis +   I - staff of power {!a}
rCold    + . .     Gourm    .   H - +2 buckler {AC+3}
rNeg     + + +     Faith    .   r - +4 ring mail of Temperance {rPois Str-3 Int+6 Dex+4}
rPois    +         Spirit   .   L - +2 hat {SInv}
rElec    .         Reflect  .   Y - scarf of Pawn {*Corrode rN++ Int+7}
rCorr    +         Harm     .   T - +2 pair of gloves
MR       ++...     Rnd*Rage +   V - +2 pair of boots {Fly}
Stlth    ++........             A - amulet of magic regeneration
HPRegen  0.00/turn              z - ring "Dank" {Ice +Blink Int+5}
MPRegen  0.60/turn              S - ring "Wips" {rCorr rN+++ Dex-5 Stlth+}

@: very slightly contaminated, recuperating, diseased, hasted and slowed
A: berserk 1, fire resistance 2, low mp 1, shaggy fur 1, weak 1, sturdy frame 1
}: 4/15 runes: decaying, serpentine, slimy, silver
a: Renounce Religion, Evoke Blink, Evoke Flight


You were on level 3 of the Tomb of the Ancients.
You worshipped Vehumet.
Vehumet was exalted by your worship.
You were not hungry.

You visited 12 branches of the dungeon, and saw 60 of its levels.
You visited the Abyss 1 time.
You also visited: Labyrinth and Ossuary.

You collected 5041 gold pieces.
You spent 3056 gold pieces at shops.

Inventory:

Hand Weapons
 g - the +7 battleaxe of Eropecka {elec, rElec rF+}
   (You found it on level 1 of the Depths)

   Occasionally, upon striking a foe, it will discharge some electrical energy
   and cause terrible harm.
   It protects you from fire.
   It insulates you from electricity.
Missiles
 Z - 6 throwing nets (quivered)
Armour
 r - the +4 ring mail of Temperance (worn) {rPois Str-3 Int+6 Dex+4}
   (You found it on level 5 of the Dungeon)

   It affects your strength (-3).
   It affects your intelligence (+6).
   It affects your dexterity (+4).
   It protects you from poison.
 H - a +2 buckler of protection (worn)
 L - a +2 hat of see invisible (worn)
 T - a +2 pair of gloves (worn)
 V - a +2 pair of boots of flying (worn)
 Y - the scarf of Pawn (worn) {*Corrode rN++ Int+7}
   (You acquired it on level 4 of the Depths)

   It affects your intelligence (+7).
   It greatly protects you from negative energy.
   It may corrode you when you take damage.
Magical Staves
 b - an uncursed staff of energy {!a}
 i - an uncursed staff of wizardry {!a}
 F - an uncursed staff of conjuration {!a}
 I - an uncursed staff of power (weapon) {!a}
Jewellery
 p - an uncursed ring of protection from fire
 z - the ring "Dank" (left hand) {Ice +Blink Int+5}
   (You took it off a minotaur in a labyrinth)

   [ring of ice]

   It enhances your ice magic.
   It affects your intelligence (+5).
   It makes you vulnerable to fire.
   It protects you from cold.
   It lets you blink.
 A - an amulet of magic regeneration (around neck)
 B - an uncursed ring of magical power
 C - the ring "Latz" {Str+2 SInv}
   (You acquired it on level 2 of the Orcish Mines)

   [ring of see invisible]

   It affects your strength (+2).
   It lets you see invisible.
 S - the ring "Wips" (right hand) {rCorr rN+++ Dex-5 Stlth+}
   (You found it on level 1 of the Tomb of the Ancients)

   [ring of resist corrosion]

   It affects your dexterity (-5).
   It renders you almost immune to negative energy.
   It makes you more stealthy.
Wands
 n - a wand of iceblast (5/15)
 E - a wand of clouds (5/9)
 O - a wand of digging (13/24)
Scrolls
 a - 6 scrolls of fog
 u - 8 scrolls of magic mapping
 w - 4 scrolls of teleportation
 x - 10 scrolls of immolation
 y - 17 scrolls of remove curse
 D - a scroll of amnesia
 K - 6 scrolls of recharging
 Q - 6 scrolls of blinking
 R - a scroll of holy word
 W - 3 scrolls of identify
 X - 4 scrolls of fear
Potions
 e - 7 potions of curing
 f - 10 potions of agility
 k - 3 potions of haste
 l - 11 potions of mutation
 q - 19 potions of flight
 s - 6 potions of cancellation
 v - a potion of brilliance {unknown}
 G - 4 potions of magic
 J - 7 potions of heal wounds
 M - 3 potions of invisibility
 P - 4 potions of might
Books
 t - a book of Geomancy

   Spells                             Type                      Level
   a - Sandblast                      Earth                        1
   b - Passwall                       Transmutation/Earth          2
   c - Stone Arrow                    Conjuration/Earth            3
   d - Petrify                        Transmutation/Earth          4
   e - Lee's Rapid Deconstruction     Earth                        5
Miscellaneous
 d - a lamp of fire
 h - a crystal ball of energy
 m - a phantom mirror
 o - a fan of gales
 N - 2 boxes of beasts
 U - a lightning rod (4/4)
Comestibles
 c - 3 bread rations
 j - 28 meat rations


   Skills:
 - Level 13.0 Fighting
 + Level 16.9 Armour
 - Level 5.4 Dodging
 - Level 1.5 Stealth
 - Level 5.3 Shields
 * Level 20.6 Spellcasting
 - Level 24.6 Conjurations
 - Level 2.6 Necromancy
 * Level 14.8 Translocations
 - Level 19.3 Ice Magic
 - Level 6.2 Evocations


You had 3 spell levels left.
You knew the following spells:

 Your Spells              Type           Power        Failure   Level  Hunger
a - Glaciate              Conj/Ice       ########..   2%          9    ####...
b - Deflect Missiles      Chrm/Air       #####.....   75%         6    None
c - Regeneration          Chrm/Necr      ######....   1%          3    None
d - Orb of Destruction    Conj           ########..   1%          7    None
e - Bolt of Cold          Conj/Ice       ########..   0%          6    None
f - Swiftness             Chrm/Air       #####...     1%          2    None
g - Blink                 Tloc           N/A          0%          2    None
h - Ozocubu's Refrigerat  Ice            ########..   1%          6    None
i - Passage of Golubria   Tloc           N/A          0%          4    None
j - Apportation           Tloc           ######       0%          1    None
k - Sublimation of Blood  Necr           ######....   1%          2    None
l - Passwall              Tmut/Erth      #####.....   1%          2    None
m - Controlled Blink      Tloc           N/A          11%         8    #......
n - Iron Shot             Conj/Erth      #######...   1%          6    None


Dungeon Overview and Level Annotations

Branches:
Dungeon (15/15)            Temple (0/1) D:6            Lair (6/6) D:10
  Swamp (4/4) Lair:4        Snake (4/4) Lair:4        Slime (5/5) Lair:5
    Orc (2/2) D:11            Elf (3/3) Orc:2        Vaults (5/5) D:13
  Crypt (3/3) Vaults:2       Tomb (3/3) Crypt:3      Depths (5/5) D:15
    Zot (5/5) Depths:5

Altars:
Ashenzari
Cheibriados
Dithmenos
Elyvilon
Gozag
Kikubaaqudgha
Nemelex Xobeh
Okawaru
Vehumet
Yredelemnul
Beogh
Jiyva

Shops:
D:15 [   Orc:2 (?[!   Elf:2 !   Vaults:5 *   Depths:3 ?

Portals:
Hell: Depths:1 Depths:2 Depths:3 Depths:4 Depths:5
Abyss: Depths:2 Depths:4
Pandemonium: Depths:1
Ziggurat: Depths:4

Annotations:
D:7 Menkaure
Swamp:2 exclusion: Roxanne, Roxanne
Orc:1 Nergalle
Elf:1 Louise
Elf:2 exclusion: upstairs
Elf:3 exclusions: ice statue and 2 orange crystal statues


Innate Abilities, Weirdness & Mutations

You tend to lose your temper in combat.
Your flesh is very heat resistant. (rF++)
Your magical capacity is low. (-10% MP)
You are covered in fur. (AC +1)
You are weak. (Str -2)
Your movements are slightly less encumbered by armour. (ER -2)


Message History

Your body is wracked with pain!
* * * LOW HITPOINT WARNING * * *
The ynoxinul gestures.
Found six items.
Found a one-way staircase leading up.
Unknown command.
Unknown command.
Unknown command.
Unknown command.
Unknown command.
Unknown command.
Blink to where?
Press: ? - help, Dir - move target cursor
As you read the scroll of blinking, it crumbles to dust.
You hear a soft click.
The death scarab bites you!
* * * LOW HITPOINT WARNING * * *
The greater mummy points at you and mumbles some strange words.
Something smites you!
* * * LOW HITPOINT WARNING * * *
The death scarab bites you!!
You die...

$$......#§8§8M§#
)=$$$.....3#8§L§.8#
[)$$.....MM'.43M§M'.
:$$.....*^§#†.M.M.#M
$$....^....#......#
.$........##
..........#
......zss# .....s.@#
.......## ....M.#
#....# ##'## .. .


You could see a greater mummy, an ancient champion, a mummy priest, a guardian
mummy, a neqoxec, 3 death scarabs and a ball lightning.

Vanquished Creatures
  Dissolution (Slime:5)
  the Royal Jelly (Slime:5)
  4 orbs of fire (Zot:4)
  3 ancient liches
  Mennas (Depths:3)
  3 juggernauts
  Sojobo (Vaults:4)
  3 greater mummies
  Frederick (Crypt:3)
  A caustic shrike (shapeshifter) (Depths:3)
  2 Killer Klowns (Zot:4)
  2 curse toes (Zot:4)
  10 golden dragons
  Jory (Vaults:4)
  A bone dragon (Depths:5)
  An electric golem (Zot:4)
  11 tentacled monstrosities
  4 quicksilver dragons
  6 liches
  3 Orb Guardians (Zot:5)
  2 deep elf master archers (Elf:3)
  A titan (Vaults:5)
  2 deep elf blademasters (Elf:3)
  32 acid blobs
  A tentacled starspawn (Abyss:5)
  10 death cobs
  15 sphinxes
  10 ancient champions
  Kirke (Lair:5)
  5 storm dragons
  11 shadow dragons
  4 thorn hunters
  Donald (Swamp:4)
  11 draconian monks
  11 tengu reavers
  10 fire giants
  11 azure jellies
  13 frost giants
  2 revenants
  8 nagarajas
  9 draconian knights
  6 deep elf sorcerers
  9 draconian scorchers
  3 ghost moths (Zot:5)
  7 draconian shifters
  A caustic shrike zombie (Crypt:3)
  11 vault wardens
  A balrug (Depths:1)
  Aizul (Vaults:4)
  5 deep elf elementalists
  A ghoul (Crypt:2)
  4 draconian annihilators
  2 entropy weavers (Vaults:3)
  10 ironheart preservers
  2 caustic shrike skeletons (Crypt:3)
  3 draconian stormcallers (Zot:4)
  2 war gargoyles (Vaults:5)
  9 very ugly things
  5 vampire knights
  A spriggan defender (Depths:3)
  7 deep elf demonologists
  9 purple draconians
  24 stone giants
  A stone giant (shapeshifter) (Depths:3)
  6 bennus
  9 black draconians
  A lorocyproca (Abyss:5)
  13 green draconians
  12 deep elf annihilators
  6 yellow draconians
  10 red draconians
  6 white draconians
  An eidolon (Crypt:1)
  9 spark wasps
  28 ettins
  13 fire dragons
  4 jiangshi
  A minotaur (Lab)
  8 deep elf death magi
  A minotaur (shapeshifter) (Vaults:5)
  16 yaktaur captains
  9 death oozes
  14 mummy priests
  12 ogre magi
  Fannar (Lair:1)
  Harold (Lair:2)
  10 ice dragons
  14 great orbs of eyes
  2 deep elf high priests
  9 naga warriors
  6 rakshasas
  29 vault guards (Vaults:5)
  A quicksilver dragon skeleton (Crypt:2)
  23 hydras
  4 spriggan air magi
  39 two-headed ogres
  A two-headed ogre (shapeshifter) (Vaults:5)
  3 death knights
  10 anacondas
  12 alligators
  11 centaur warriors
  12 dancing weapons
  An alligator (shapeshifter) (Depths:5)
  15 deep troll shamans
  28 death scarabs
  4 death yaks (Lair:3)
  16 deep troll earth magi
  2 spriggan berserkers
  5 vampire magi
  An orc high priest (Elf:2)
  15 naga sharpshooters
  3 thrashing horrors (Abyss:5)
  7 tengu warriors
  A shock serpent (shapeshifter) (Depths:5)
  A storm dragon zombie (Depths:3)
  Urug (D:13)
  4 shock serpents (Snake:2)
  30 skeletal warriors
  7 deep elf knights
  2 soul eaters
  2 sun demons (Depths:1)
  A fire crab (Lair:6)
  Sonja (Lair:2)
  29 deep trolls
  6 shadow wraiths
  A sea snake (Snake:3)
  2 salamander mystics
  5 iron trolls (Depths:2)
  2 glowing orange brains
  An unseen horror (D:10)
  2 hell knights
  5 flayed ghosts
  11 swamp dragons
  2 titan skeletons
  9 naga ritualists
  7 deep elf archers
  A glowing orange brain (shapeshifter) (Vaults:5)
  2 shadow demons
  6 wizards
  2 spriggan druids
  A harpy (shapeshifter) (Vaults:5)
  A swamp dragon (shapeshifter) (Elf:3)
  2 shambling mangroves
  8 orc knights
  10 ironbrand convokers
  8 phantasmal warriors
  4 harpies (Vaults:5)
  An orb spider (shapeshifter) (Depths:1)
  A wolf spider (Vaults:3)
  49 deep elf magi
  A frost giant zombie (Depths:3)
  13 mana vipers
  19 ugly things
  2 orc sorcerers
  A worldbinder (Abyss:5)
  7 necromancers
  3 manticores
  6 shining eyes
  2 salamanders
  An iron dragon skeleton (Crypt:3)
  13 moths of wrath
  A cyclops (D:14)
  33 black mambas
  A guardian serpent (Snake:3)
  8 vault sentinels
  A fire giant skeleton (Depths:1)
  10 naga magi
  2 molten gargoyles (Lair:6)
  A frost giant skeleton (Crypt:3)
  2 eyes of devastation
  5 gargoyles (D:9)
  A smoke demon (Depths:5)
  A dire elephant skeleton (Crypt:3)
  A titan simulacrum (Crypt:3)
  A rime drake (shapeshifter) (Elf:2)
  3 rime drakes
  6 freezing wraiths
  A kobold demonologist (D:11)
  5 spectral swamp worms (Depths:3)
  14 spiny frogs
  6 tengu conjurers
  35 yaktaurs
  2 ice devils (D:12)
  8 komodo dragons
  A white draconian skeleton (Crypt:3)
  An efreet (Zot:4)
  3 hellwings
  A harpy zombie (Crypt:2)
  2 red devils
  A red draconian skeleton (Crypt:2)
  30 guardian mummies
  A hydra zombie (Crypt:1)
  3 meliai (D:14)
  7 trolls
  4 tyrant leeches
  10 hornets
  A jumping spider (Vaults:3)
  3 polar bears
  A shadow dragon simulacrum (Crypt:1)
  A raiju (shapeshifter) (Vaults:5)
  10 hippogriffs
  A meliai zombie (D:13)
  Prince Ribbit (D:7)
  5 blink frogs (Swamp:1)
  A harpy skeleton (Crypt:2)
  A hippogriff (shapeshifter) (D:13)
  146 slime creatures
  9 bog bodies
  A raiju (Abyss:5)
  A frost giant simulacrum (Depths:1)
  A fire giant simulacrum (Depths:1)
  7 air elementals
  2 redbacks (Vaults:3)
  4 ushabtiu (Tomb:1)
  16 flying skulls
  A centaur simulacrum (D:12)
  A shadow (D:13)
  A tarantella (shapeshifter) (Depths:2)
  4 water elementals
  A spriggan (shapeshifter) (Depths:2)
  5 spriggans
  4 wyverns
  A vampire (Abyss:5)
  2 wraiths
  13 humans (D:13)
  An ice dragon skeleton (Depths:1)
  4 basilisks
  A small abomination (Abyss:5)
  5 hogs
  25 yaks
  21 fire elementals
  2 hungry ghosts
  16 golden eyes
  A black mamba skeleton (Crypt:3)
  A steam dragon (Lair:6)
  6 wargs
  14 insubstantial wisps
  13 vampire mosquitoes
  57 nagas
  A swamp worm (shapeshifter) (Depths:3)
  A soldier ant (shapeshifter) (Vaults:5)
  3 hell hounds (Lair:6)
  12 swamp worms
  A monstrous demonspawn zombie (Crypt:1)
  3 soldier ants
  5 porcupines
  A water nymph skeleton (Crypt:3)
  16 water moccasins
  A floating eye (Depths:5)
  4 ice beasts
  46 orc warriors
  A sky beast (shapeshifter) (Depths:2)
  12 swamp drakes
  3 sky beasts
  2 black bears
  A necrophage (D:9)
  2 phantoms
  A tengu (shapeshifter) (Depths:3)
  8 eyes of draining
  43 ogres
  21 centaurs
  10 wolves
  10 crocodiles
  A crocodile (shapeshifter) (Vaults:3)
  A swamp dragon skeleton (Crypt:3)
  A centaur (shapeshifter) (Vaults:5)
  2 big kobolds
  16 bullfrogs
  4 scorpions
  A manticore simulacrum (Crypt:1)
  6 killer bees (D:11)
  17 wights
  An electric eel (Lair:4)
  4 howler monkeys
  3 crimson imps
  2 bullfrog zombies
  5 lava snakes (Lair:6)
  A yaktaur simulacrum (Vaults:1)
  4 centaur zombies
  A human zombie (Ossuary)
  2 quasits
  6 jellies
  10 orc priests
  5 bullfrog skeletons
  5 hounds
  12 orc wizards
  3 centaur skeletons
  Ijyb (D:4)
  Terence (D:2)
  2 iguanas
  7 hell rats (Lair:6)
  12 worker ants
  2 yak simulacra (Lair:5)
  4 polar bear simulacra (Lair:5)
  A wolf simulacrum (Lair:5)
  A big kobold zombie (Ossuary)
  A deep dwarf zombie (Crypt:2)
  An ogre zombie (D:6)
  A bullfrog simulacrum (D:12)
  25 mummies
  3 worker ant zombies
  A howler monkey zombie (D:9)
  11 adders
  4 gnolls (D:7)
  4 shadow imps
  7 white imps
  An ufetubus (D:12)
  2 oozes (D:3)
  2 adder zombies
  A halfling skeleton (Crypt:3)
  A worm (D:3)
  A dart slug (D:2)
  3 leopard geckos
  85 orcs
  2 ball pythons
  3 bats
  5 giant cockroaches
  2 gnoll zombies (Ossuary)
  6 goblins
  6 hobgoblins
  5 jackals
  6 quokkas
  4 frilled lizards
  A goblin zombie (D:5)
  10 kobolds
  A leopard gecko zombie (D:9)
  4 orc zombies
  A quokka skeleton (D:5)
  A rat (D:3)
  3 river rat simulacra (Lair:5)
  9 blocks of ice
  43 briar patches (Swamp:3)
  13 fungi
  A lurking horror (Abyss:5)
  9 plants
  A starspawn tentacle (Abyss:5)
2380 creatures vanquished.

Vanquished Creatures (collateral kills)
  Snorg (Orc:1)
  A polar bear (D:12)
  A polar bear simulacrum (Lair:5)
3 creatures vanquished.

Vanquished Creatures (others)
  2 bennus (Tomb:2)
  25 death scarabs
  A black mamba zombie (Tomb:3)
  3 flying skulls (Tomb:2)
  An ogre (Vaults:4)
  A mummy (Tomb:2)
  A giant cockroach (D:3)
  A quokka (D:3)
  389 blocks of ice
  2 briar patches (Swamp:4)
  3 fungi (Lair:6)
  14 plants
  A starspawn tentacle (Abyss:5)
444 creatures vanquished.

Grand Total: 2827 creatures vanquished

Notes
Turn   | Place    | Note
-------+----------+-------------------------------------------
     0 | D:1      | 4thArraOfDagon the Hill Orc Ice Elementalist began the quest for the Orb.
     0 | D:1      | Reached XP level 1. HP: 14/14 MP: 3/3
   232 | D:2      | Found an ancient bone altar of Kikubaaqudgha.
   237 | D:2      | Reached XP level 2. HP: 20/20 MP: 2/4
   370 | D:3      | Reached XP level 3. HP: 26/26 MP: 0/5
   375 | D:3      | Noticed Terence
   430 | D:2      | Killed Terence
   462 | D:3      | Reached XP level 4. HP: 33/33 MP: 3/6
   503 | D:3      | Found a white marble altar of Elyvilon.
   520 | D:3      | Found a radiant altar of Vehumet.
   606 | D:3      | Reached skill level 1 in Fighting
   699 | D:5      | Entered Level 5 of the Dungeon
   710 | D:4      | Reached XP level 5. HP: 37/42 MP: 3/7
   722 | D:5      | Noticed a sky beast
   749 | D:4      | Killed a sky beast
   762 | D:5      | Noticed an ogre
   806 | D:4      | Reached XP level 6. HP: 36/53 MP: 1/8
   867 | D:5      | Got a faintly glowing ring mail
   878 | D:5      | Identified the +4 ring mail of Temperance {rPois Str-3 Int+6 Dex+4} (You found it on level 5 of the Dungeon)
   936 | D:3      | Became a worshipper of Vehumet
  1022 | D:5      | Found a sand-covered staircase.
  1043 | Ossuary  | Entered an ossuary
  1103 | Ossuary  | Reached skill level 5 in Fighting
  1274 | Ossuary  | Reached skill level 5 in Ice Magic
  1413 | D:5      | Found a shadowy altar of Dithmenos.
  1554 | D:5      | Reached XP level 7. HP: 50/61 MP: 6/10
  1563 | D:5      | Reached * piety under Vehumet
  1563 | D:5      | Offered knowledge of Sting by Vehumet.
  1609 | D:5      | Learned a level 4 spell: Throw Icicle
  1799 | D:4      | Noticed Ijyb
  1809 | D:4      | Killed Ijyb
  1936 | D:2      | Found a basalt altar of Yredelemnul.
  2419 | D:3      | Reached skill level 2 in Conjurations
  2752 | D:6      | Reached skill level 3 in Conjurations
  2786 | D:6      | Found an opulent altar of Gozag.
  2790 | D:6      | Found a transporter.
  2801 | D:6      | Reached XP level 8. HP: 55/68 MP: 7/12
  2867 | D:6      | Found a transporter.
  2902 | D:6      | Found a sparkling altar of Nemelex Xobeh.
  3104 | D:6      | Found a staircase to the Ecumenical Temple.
  3308 | D:7      | Noticed Prince Ribbit
  3315 | D:7      | Killed Prince Ribbit
  3315 | D:7      | Reached skill level 4 in Conjurations
  3457 | D:7      | Offered knowledge of Shock by Vehumet.
  3463 | D:7      | Reached ** piety under Vehumet
  3504 | D:7      | Reached skill level 5 in Conjurations
  3618 | D:7      | Reached XP level 9. HP: 58/74 MP: 10/14
  3795 | D:8      | Noticed a two-headed ogre
  4118 | D:7      | Noticed Menkaure
  4164 | D:8      | Offered knowledge of Searing Ray by Vehumet.
  4185 | D:8      | Found a sparkling altar of Nemelex Xobeh.
  4205 | D:8      | Learned a level 3 spell: Regeneration
  4278 | D:8      | Reached skill level 6 in Conjurations
  4321 | D:8      | Killed a two-headed ogre
  4338 | D:8      | Reached skill level 7 in Conjurations
  4459 | D:8      | Reached *** piety under Vehumet
  4582 | D:9      | Noticed a gargoyle
  4749 | D:8      | Reached XP level 10. HP: 36/81 MP: 2/16
  5124 | D:9      | Reached skill level 8 in Conjurations
  5147 | D:9      | Found an iron altar of Okawaru.
  5196 | D:9      | Killed a gargoyle
  5288 | D:9      | Offered knowledge of Olgreb's Toxic Radiance by Vehumet.
  5332 | D:8      | Found a shattered altar of Ashenzari.
  5414 | D:9      | Noticed a two-headed ogre
  5422 | D:9      | Killed a two-headed ogre
  5422 | D:9      | Reached skill level 5 in Spellcasting
  5584 | D:9      | Noticed a gargoyle
  5596 | D:9      | Killed a gargoyle
  5648 | D:9      | Noticed a gargoyle
  5648 | D:9      | Noticed a gargoyle
  5661 | D:9      | Killed a gargoyle
  5661 | D:9      | Reached skill level 9 in Conjurations
  5760 | D:9      | Killed a gargoyle
  5760 | D:9      | Reached skill level 10 in Ice Magic
  5843 | D:9      | Noticed a gargoyle
  5855 | D:9      | Killed a gargoyle
  5987 | D:10     | Entered Level 10 of the Dungeon
  6027 | D:10     | Found a snail-covered altar of Cheibriados.
  6034 | D:10     | Reached XP level 11. HP: 65/86 MP: 16/19
  6038 | D:10     | Noticed a centaur warrior
  6292 | D:10     | Killed an unseen horror
  6738 | D:12     | Noticed a manticore
  6750 | D:11     | Killed a manticore
  6832 | D:11     | Reached **** piety under Vehumet
  6938 | D:11     | Found a staircase to the Orcish Mines.
  6986 | D:12     | Noticed a two-headed ogre
  6986 | D:12     | Noticed a manticore
  7018 | D:12     | Reached skill level 10 in Conjurations
  7024 | D:12     | Learned a level 4 spell: Summon Ice Beast
  7139 | D:12     | Offered knowledge of Mephitic Cloud by Vehumet.
  7270 | D:12     | Noticed a brown ugly thing
  7519 | D:12     | Killed a brown ugly thing
  7896 | D:13     | Found a gate to the Vaults.
  7896 | D:13     | Noticed a centaur warrior
  7896 | D:13     | Noticed Urug
  7896 | D:13     | Noticed a two-headed ogre
  7896 | D:13     | Noticed a deep elf knight
  8023 | D:13     | Gained mutation: Scrolls take you a little longer to read. [mutagenic meat]
  8024 | D:13     | Gained mutation: You are covered in fur. (AC +1) [mutagenic meat]
  8051 | D:13     | Noticed a skeletal warrior
  8425 | D:10     | Reached ***** piety under Vehumet
  8508 | D:11     | Offered knowledge of Bolt of Draining by Vehumet.
  8520 | D:11     | Learned a level 5 spell: Bolt of Draining
  8731 | D:11     | Reached skill level 1 in Necromancy
  8757 | D:11     | Reached skill level 11 in Conjurations
  8764 | D:11     | Reached XP level 12. HP: 77/94 MP: 3/21
  8854 | Orc:1    | Entered Level 1 of the Orcish Mines
  8930 | Orc:1    | Noticed an ettin
  8947 | Orc:1    | Killed an ettin
  9082 | Orc:1    | Noticed Snorg
  9149 | Orc:2    | Entered Level 2 of the Orcish Mines
  9456 | Orc:1    | Noticed a two-headed ogre
  9457 | Orc:1    | Noticed an ogre mage
  9472 | Orc:1    | Killed a two-headed ogre
  9476 | Orc:1    | Paralysed by an ogre mage for 6 turns
  9478 | Orc:1    | Noticed a two-headed ogre
  9482 | Orc:1    | Killed an ogre mage
  9517 | Orc:1    | Killed a two-headed ogre
  9660 | Orc:1    | Noticed Nergalle
  9806 | Orc:1    | Killed Snorg
  9806 | Orc:1    | Reached skill level 12 in Conjurations
 10041 | Orc:2    | Offered knowledge of Spellforged Servitor by Vehumet.
 10074 | Orc:2    | Found a roughly hewn altar of Beogh.
 10079 | Orc:2    | Found a staircase to the Elven Halls.
 10176 | Orc:2    | Paralysed by an orc sorcerer for 4 turns
 10657 | Orc:2    | Noticed a centaur warrior
 10677 | Orc:2    | Killed a centaur warrior
 10677 | Orc:2    | Reached XP level 13. HP: 70/100 MP: 18/23
 10825 | Orc:2    | Found Waanes's Magic Scroll Shoppe.
 10825 | Orc:2    | Found Oviuwnul's Antique Armour Boutique.
 10827 | Orc:2    | Found Patiedd's Distillery.
 10829 | Orc:2    | Found Ysiol's Antique Weapon Emporium.
 10838 | Orc:2    | Bought a steaming scythe for 176 gold pieces
 10838 | Orc:2    | Identified the +4 scythe of Division {slice, Str+2} (You bought it in a shop on level 2 of the Orcish Mines)
 10905 | Orc:2    | Bought a potion of heal wounds for 75 gold pieces
 10905 | Orc:2    | Bought a potion of might for 60 gold pieces
 10905 | Orc:2    | Bought a potion of heal wounds for 75 gold pieces
 10905 | Orc:2    | Bought a potion of might for 60 gold pieces
 10905 | Orc:2    | Bought a potion of haste for 150 gold pieces
 10905 | Orc:2    | Bought a potion of mutation for 120 gold pieces
 10905 | Orc:2    | Bought a potion of mutation for 120 gold pieces
 10905 | Orc:2    | Bought a potion of mutation for 120 gold pieces
 10905 | Orc:2    | Bought a potion of degeneration for 15 gold pieces
 10913 | Orc:2    | Bought a scroll of magic mapping for 42 gold pieces
 10913 | Orc:2    | Bought a scroll of magic mapping for 42 gold pieces
 10913 | Orc:2    | Bought a scroll of random uselessness for 12 gold pieces
 11368 | D:10     | Found a staircase to the Lair.
 11377 | Lair:1   | Entered Level 1 of the Lair of Beasts
 11554 | Lair:1   | Noticed Fannar
 11555 | Lair:1   | HMMM
 11646 | Lair:1   | Killed Fannar
 11646 | Lair:1   | Reached skill level 13 in Conjurations
 11807 | Lair:2   | Noticed Harold
 11881 | Lair:2   | Learned a level 2 spell: Swiftness
 11949 | Lair:2   | Lost mutation: Scrolls take you a little longer to read. [potion of mutation]
 11949 | Lair:2   | Gained mutation: Your movements are slightly less encumbered by armour. (ER -2) [potion of mutation]
 11949 | Lair:2   | Gained mutation: Your flesh is heat resistant. (rF+) [potion of mutation]
 11949 | Lair:2   | Gained mutation: Your flesh is very heat resistant. (rF++) [potion of mutation]
 12016 | Lair:2   | Noticed Sonja
 12049 | Lair:2   | Killed Sonja
 12108 | Lair:2   | Learned a level 2 spell: Blink
 12284 | Lair:3   | Found a labyrinth entrance.
 12324 | Lab      | Entered a labyrinth
 12984 | Lab      | Noticed a minotaur
 13022 | Lab      | Killed a minotaur
 13025 | Lab      | Got a faintly glowing tin ring
 13057 | Lab      | Got a slimy ring mail
 13068 | Lab      | Identified the +1 ring mail of Roaje {*Slow rElec rPois rC+ rN+} (You found it in a labyrinth)
 13079 | Lab      | Identified the ring "Dank" {Ice +Blink Int+5} (You took it off a minotaur in a labyrinth)
 13303 | Lair:5   | Offered knowledge of Ozocubu's Refrigeration by Vehumet.
 13315 | Lair:5   | Learned a level 6 spell: Ozocubu's Refrigeration
 13390 | Lair:5   | Noticed Kirke
 13423 | Lair:6   | Entered Level 6 of the Lair of Beasts
 13484 | Lair:6   | 4thArraOfDagon: mam fajny czar
 13484 | Lair:6   | 4thArraOfDagon: zamrazarke :D
 13555 | Lair:6   | 4thArraOfDagon: patrz
 13852 | Lair:4   | Found a staircase to the Swamp.
 13858 | Lair:4   | Reached XP level 14. HP: 87/107 MP: 19/26
 14083 | Lair:4   | Found a staircase to the Snake Pit.
 14242 | Lair:3   | Reached skill level 14 in Conjurations
 14454 | Lair:5   | Found a runed door.
 14455 | Lair:5   | Found a viscous altar of Jiyva.
 14457 | Lair:5   | Found a staircase to the Slime Pits.
 14458 | Lair:5   | Noticed an acid blob
 15050 | Lair:6   | Found a large runed door.
 15052 | Lair:6   | Found a large runed door.
 15233 | Lair:5   | Killed Kirke
 15400 | Swamp:1  | Entered Level 1 of the Swamp
 15491 | Swamp:1  | Reached skill level 15 in Conjurations
 15619 | Swamp:1  | Reached ****** piety under Vehumet
 15801 | Swamp:1  | Reached skill level 15 in Ice Magic
 15801 | Swamp:1  | Reached XP level 15. HP: 102/113 MP: 17/28
 16153 | Swamp:1  | Offered knowledge of Venom Bolt by Vehumet.
 16710 | Swamp:4  | Entered Level 4 of the Swamp
 16926 | Swamp:3  | Noticed a thorn hunter
 16928 | Swamp:3  | Killed a thorn hunter
 17333 | Swamp:3  | Noticed a thorn hunter
 17338 | Swamp:3  | Killed a thorn hunter
 17338 | Swamp:3  | Reached skill level 16 in Conjurations
 17695 | Swamp:2  | Identified the Collected Works on Arcane Weapons
 17749 | Swamp:2  | Noticed Roxanne
 17985 | Swamp:4  | Noticed Donald
 17992 | Swamp:4  | Killed Donald
 18187 | Swamp:4  | Offered knowledge of Freezing Cloud by Vehumet.
 18208 | Swamp:4  | Learned a level 6 spell: Freezing Cloud
 18244 | Swamp:4  | Reached XP level 16. HP: 102/119 MP: 4/29
 18651 | Swamp:4  | Reached skill level 10 in Spellcasting
 18669 | Swamp:4  | Learned a level 7 spell: Orb of Destruction
 18833 | Swamp:4  | Noticed a thorn hunter
 18837 | Swamp:4  | Killed a thorn hunter
 18964 | Swamp:4  | Noticed a thorn hunter
 18996 | Swamp:4  | Killed a thorn hunter
 19148 | Swamp:4  | Got a decaying rune of Zot
 19426 | Orc:2    | Bought a scroll of teleportation for 36 gold pieces
 19426 | Orc:2    | Bought a scroll of acquirement for 624 gold pieces
 19485 | Elf:1    | Entered Level 1 of the Elven Halls
 19746 | Elf:1    | Reached skill level 17 in Conjurations
 20395 | Orc:2    | Bought a scroll of acquirement for 624 gold pieces
 20409 | Orc:2    | Got a clouded steel ring
 20411 | Orc:2    | Identified the ring "Latz" {Str+2 SInv} (You acquired it on level 2 of the Orcish Mines)
 20417 | Orc:2    | Rhok: hmh acqui wasted : (
 20422 | Orc:2    | 4thArraOfDagon: 3 acq wasted :)
 20611 | Elf:3    | Entered Level 3 of the Elven Halls
 20801 | Elf:1    | Noticed Louise
 21217 | Elf:3    | Offered knowledge of Bolt of Cold by Vehumet.
 21400 | Elf:2    | Found Teraor's Distillery.
 21502 | Elf:3    | Reached XP level 17. HP: 89/126 MP: 7/31
 21561 | Elf:3    | Learned a level 6 spell: Bolt of Cold
 22333 | Elf:3    | Noticed a deep elf blademaster
 22336 | Elf:3    | Killed a deep elf blademaster
 22542 | Elf:3    | Reached skill level 18 in Conjurations
 22588 | Elf:3    | Noticed a deep elf blademaster
 22594 | Elf:3    | Killed a deep elf blademaster
 22706 | Elf:3    | Got a twisted falchion {flame}
 22862 | Elf:3    | Noticed a deep elf master archer
 22869 | Elf:3    | Killed a deep elf master archer
 22870 | Elf:3    | Thaneod: !stalk Rhok
 22870 | Elf:3    | beem: Rhok the L17 MiFi^Qaz in Snake:4 (cxc tiles), T:31442, defenses: 23/7/23, stats: 28/5/13, >15 skills: Fighting,Maces & Flails,Shields
 22978 | Elf:3    | Got an ancient spear {drain}
 22982 | Elf:3    | Identified the ring of Foolhardiness {-Tele rElec MR+ Str+2 Dex+6} (You took it off a deep elf sorcerer on level 3 of the Elven Halls)
 23024 | Elf:3    | Noticed a deep elf master archer
 23025 | Elf:3    | Killed a deep elf master archer
 23147 | Elf:3    | Identified the +1 spear of the Turnip {drain, rC- MR+++ Str-3 SInv} (You took it off a deep elf annihilator on level 3 of the Elven Halls)
 23148 | Elf:3    | Identified the +11 falchion of Starshine {flame, MR+} (You took it off a deep elf knight on level 3 of the Elven Halls)
 23356 | Elf:3    | Identified the +8 trident "Xeaxkaj" {pierce, Int-3 Dex+9} (You took it off a deep elf death mage on level 3 of the Elven Halls)
 23461 | Elf:3    | Got a translucent quarterstaff {crush}
 23466 | Elf:3    | Identified the +10 quarterstaff "Leviticus" {crush, Dex+3} (You took it off a deep elf annihilator on level 3 of the Elven Halls)
 23550 | Elf:3    | Identified the Compendium of the Penguin
 23551 | Elf:3    | Identified Sif Muna's Collected Works on Ignition and the Frostbite
 23580 | Elf:3    | Learned a level 1 spell: Apportation
 23584 | Elf:3    | Identified Ruscheho's Compendium of Combat Magic
 23588 | Elf:3    | Identified the Guide on the Dislocated Snowflakes
 23589 | Elf:3    | Identified the Grimoire of Ice and the Blaze
 23676 | Elf:2    | Bought a potion of agility for 64 gold pieces
 23676 | Elf:2    | Bought a potion of curing for 48 gold pieces
 23676 | Elf:2    | Bought a potion of magic for 128 gold pieces
 23676 | Elf:2    | Bought a potion of agility for 64 gold pieces
 23676 | Elf:2    | Bought a potion of heal wounds for 80 gold pieces
 23676 | Elf:2    | Bought a potion of curing for 48 gold pieces
 23676 | Elf:2    | Rhok: i have 3 active games still :D
 23796 | Orc:2    | Bought a heavily runed chain mail for 237 gold pieces
 23796 | Orc:2    | Rhok: thats the easiest one
 23806 | Orc:2    | Identified the +6 chain mail of the Tuna {*Drain rN+++ Stlth+} (You bought it in a shop on level 2 of the Orcish Mines)
 23820 | Orc:2    | Rhok: i also have a GrEE and a MuFi
 23956 | Lair:2   | Killed Harold
 24061 | Snake:1  | Entered Level 1 of the Snake Pit
 24081 | Snake:1  | Identified the +2 robe "Paqeoxi" {rPois rC- Str+3 Int+3} (You found it on level 1 of the Snake Pit)
 24135 | Snake:1  | Reached skill level 1 in Evocations
 24136 | Snake:1  | Reached XP level 18. HP: 58/133 MP: 18/33
 24607 | Snake:2  | Offered knowledge of Poison Arrow by Vehumet.
 24638 | Snake:2  | Learned a level 2 spell: Sublimation of Blood
 25130 | Snake:3  | Gained mutation: Your spells are a little harder to cast, but a little more powerful. [mutagenic meat]
 25460 | Snake:4  | Entered Level 4 of the Snake Pit
 25673 | Snake:4  | Reached skill level 19 in Conjurations
 25902 | Snake:4  | Reached skill level 5 in Evocations
 25909 | Snake:4  | Reached XP level 19. HP: 77/138 MP: 26/35
 26069 | Snake:4  | Got a serpentine rune of Zot
 26337 | Slime:1  | Entered Level 1 of the Pits of Slime
 26723 | Slime:2  | Found a viscous altar of Jiyva.
 26779 | Slime:3  | Offered knowledge of Fire Storm by Vehumet.
 26779 | Slime:3  | Offered knowledge of Glaciate by Vehumet.
 26779 | Slime:3  | Offered knowledge of Chain Lightning by Vehumet.
 27047 | Slime:3  | Reached XP level 20. HP: 104/146 MP: 19/37
 27183 | Slime:3  | Learned a level 9 spell: Glaciate
 27313 | Slime:5  | Entered Level 5 of the Pits of Slime
 27389 | Slime:5  | Noticed Dissolution
 27394 | Slime:5  | Killed Dissolution
 27394 | Slime:5  | Reached skill level 20 in Conjurations
 27581 | Slime:5  | Learned a level 4 spell: Passage of Golubria
 27585 | Slime:5  | Gained mutation: Your magical capacity is low. (-10% MP) [a shining eye]
 28064 | Slime:5  | Noticed the Royal Jelly
 28082 | Slime:5  | Killed the Royal Jelly
 28157 | Slime:5  | Got a slimy rune of Zot
 28170 | Slime:5  | Identified the Volume of Fetching Contamination
 28249 | Slime:5  | Identified the +5 plate armour "Feum Oso" {rF+ Dex+8} (You found it on level 5 of the Pits of Slime)
 28254 | Slime:5  | Got a brightly glowing great sword
 28255 | Slime:5  | Identified the cursed +0 great sword "Giantbane" {slice, rPois MP+9 Dex+3} (You found it on level 5 of the Pits of Slime)
 28583 | D:13     | Killed Urug
 28600 | D:13     | Reached skill level 21 in Conjurations
 28740 | D:13     | Reached XP level 21. HP: 151/151 MP: 31/35
 28761 | D:13     | Found a runed gate.
 28761 | D:13     | Found a runed gate.
 28761 | D:13     | Found a runed gate.
 28856 | D:13     | Found a runed gate.
 28856 | D:13     | Found a runed gate.
 28856 | D:13     | Found a runed gate.
 29090 | D:14     | Reached skill level 1 in Shields
 29310 | D:15     | Entered Level 15 of the Dungeon
 29311 | D:15     | Found Deakorur's Armour Boutique.
 29427 | D:15     | Found a staircase to the Depths.
 29453 | Depths:1 | Entered Level 1 of the Depths
 29458 | Depths:1 | Thaneod: dump?
 29458 | Depths:1 | 4thArraOfDagon: there
 29458 | Depths:1 | Thaneod: thx sir!
 29479 | Depths:1 | Thaneod: wild magic mut, nice
 29497 | Depths:1 | Found a one-way gate leading to the halls of Pandemonium.
 29534 | Depths:1 | Reached skill level 5 in Shields
 29622 | Depths:1 | Reached skill level 1 in Armour
 29694 | Depths:1 | Got a scorched battleaxe
 29708 | Depths:1 | Identified the +7 battleaxe of Eropecka {elec, rElec rF+} (You found it on level 1 of the Depths)
 30027 | Depths:1 | Identified the cursed +0 scale mail of Integrity {rN++ Dex-3 SInv} (You found it on level 1 of the Depths)
 30064 | Depths:1 | Found a gateway to Hell.
 30185 | Depths:2 | Reached skill level 22 in Conjurations
 30209 | Depths:2 | Reached XP level 22. HP: 158/158 MP: 36/36
 30292 | Depths:2 | Found a one-way gate to the infinite horrors of the Abyss.
 30444 | Depths:2 | Noticed a juggernaut
 30448 | Depths:2 | Killed a juggernaut
 30448 | Depths:2 | Reached skill level 5 in Armour
 30449 | Depths:2 | Reached skill level 5 in Dodging
 30457 | Depths:2 | Reached skill level 15 in Spellcasting
 30498 | Depths:2 | Noticed a juggernaut
 30504 | Depths:2 | Killed a juggernaut
 30531 | Depths:2 | Noticed a golden dragon
 30533 | Depths:2 | Killed a golden dragon
 30680 | Depths:2 | Learned a level 2 spell: Passwall
 30841 | Depths:3 | Found Dewkysog's Magic Scroll Shop.
 30899 | Depths:3 | Noticed a juggernaut
 30903 | Depths:3 | Killed a juggernaut
 30908 | Depths:3 | Reached XP level 23. HP: 165/165 MP: 28/38
 30948 | Depths:3 | Reached skill level 23 in Conjurations
 31001 | Depths:3 | Noticed a caustic shrike
 31002 | Depths:3 | Noticed a golden dragon
 31002 | Depths:3 | a caustic shrike changed into a golden dragon
 31004 | Depths:3 | a golden dragon changed into an iron giant
 31007 | Depths:3 | Noticed a caustic shrike
 31007 | Depths:3 | an iron giant changed into a caustic shrike
 31008 | Depths:3 | Noticed Mennas
 31011 | Depths:3 | 4thArraOfDagon: uhhh
 31011 | Depths:3 | a caustic shrike changed into an iron dragon
 31012 | Depths:3 | Noticed a caustic shrike
 31012 | Depths:3 | an iron dragon changed into a caustic shrike
 31014 | Depths:3 | Noticed a shard shrike
 31014 | Depths:3 | a caustic shrike changed into a shard shrike
 31020 | Depths:3 | p0werm0de: did ya win any noticable speedruns in 0.21??
 31020 | Depths:3 | p0werm0de: ;D
 31020 | Depths:3 | a shard shrike changed into an acid blob
 31024 | Depths:3 | p0werm0de: !lg p0werm0de
 31024 | Depths:3 | beem: 8216. p0werm0de the Black Belt (L23 DsFE of Makhleb), blasted by a greater mummy (divine providence) (led by Khufu) on Tomb:3 (tomb_3) on 2017-09-22 17:09:38, with 486610 points after 27678 turns and 2:37:48.
 31026 | Depths:3 | Killed Mennas
 31028 | Depths:3 | p0werm0de: i splat again no teleports...
 31035 | Depths:3 | p0werm0de: it seems rly tough this month
 31150 | Depths:3 | Noticed a caustic shrike
 31152 | Depths:3 | Killed a caustic shrike
 31159 | Depths:3 | 4thArraOfDagon: its really bad month for me too
 31159 | Depths:3 | 4thArraOfDagon: im splatting everything I touch!
 31359 | Depths:3 | Identified Gauff's Grimoire of Assistive Conjuration
 31364 | Depths:3 | Thaneod: me too!
 31383 | Depths:3 | p0werm0de: you won some
 31387 | Depths:3 | p0werm0de: :>
 31423 | Depths:3 | Thaneod: with Mibe, please;P
 31485 | Depths:3 | p0werm0de: ye berserker i can win too wth o tab
 31496 | Depths:3 | p0werm0de: ;P
 31582 | Depths:4 | Found a gateway to a ziggurat.
 31651 | Depths:4 | Got a bloodstained scarf
 31662 | Depths:4 | Identified the scarf of Pawn {*Corrode rN++ Int+7} (You acquired it on level 4 of the Depths)
 31734 | Depths:5 | Entered Level 5 of the Depths
 31847 | Depths:5 | 4thArraOfDagon: you cant
 31847 | Depths:5 | 4thArraOfDagon: not this month!
 31847 | Depths:5 | 4thArraOfDagon: none of us can!
 31961 | Depths:5 | Reached skill level 10 in Armour
 31968 | Depths:5 | Reached XP level 24. HP: 123/177 MP: 20/38
 31996 | Depths:5 | p0werm0de: there was an update with monster spawns
 32001 | Depths:5 | p0werm0de: floors more crowded but no respawns
 32003 | Depths:5 | Reached skill level 24 in Conjurations
 32003 | Depths:5 | p0werm0de: like 2-3 weeks ago
 32009 | Depths:5 | p0werm0de: maybe thats it
 32097 | Depths:5 | Rhok: *teleports 1 tile away from aracne* *dies in 1 hit*
 32138 | Depths:5 | Thaneod: !lg Thaneod
 32144 | Depths:5 | beem: 207. Thaneod the Firebug (L1 HOFE), quit the game on D:1 (lemuel_arrival_rhombus) on 2017-09-22 17:27:11, with 0 points after 8 turns and 0:00:32.
 32169 | Depths:5 | p0werm0de: !lg rhok
 32176 | Depths:5 | beem: 435. Rhok the Warrior (L16 DsFi of Okawaru), blasted by Arachne (bolt of poison) on Spider:3 on 2017-09-22 17:33:34, with 135830 points after 37328 turns and 1:51:30.
 32198 | Depths:5 | p0werm0de: so much death
 32236 | Depths:5 | Found a gate to the Realm of Zot.
 32257 | Depths:5 | Thaneod: !stalk Thaneod
 32263 | Depths:5 | beem: Thaneod the L1 OgFE^ in D:1 (cxc tiles), T:0, defenses: 3/10/0, stats: 11/16/9
 32263 | Zot:1    | Entered Level 1 of the Realm of Zot
 32949 | Zot:2    | You fall through a shaft!
 32974 | Zot:4    | Noticed an orb of fire
 32975 | Zot:4    | Gained mutation: You tend to lose your temper in combat. [an orb of fire]
 33234 | Zot:3    | Learned a level 8 spell: Controlled Blink
 33279 | Zot:4    | Reached XP level 25. HP: 189/192 MP: 39/39
 33279 | Zot:4    | Reached skill level 1 in Translocations
 33328 | Zot:4    | Reached skill level 10 in Fighting
 33432 | Zot:4    | Woofmater: !subscribe
 33432 | Zot:4    | beem: Subscribed. I will now watch all games of user Woofmater
 33522 | Zot:4    | Noticed a Killer Klown
 33528 | Zot:4    | Killed a Killer Klown
 33529 | Zot:4    | Noticed an orb of fire
 33531 | Zot:4    | Killed an orb of fire
 33531 | Zot:4    | Reached skill level 5 in Translocations
 33543 | Zot:4    | Noticed an orb of fire
 33547 | Zot:4    | Killed an orb of fire
 33595 | Zot:4    | Killed an orb of fire
 33680 | Zot:4    | Found a huge runed gate.
 33680 | Zot:4    | Found a huge runed gate.
 33681 | Zot:4    | Found a huge runed gate.
 33681 | Zot:4    | Found a huge runed gate.
 33681 | Zot:4    | Found a huge runed gate.
 33696 | Zot:4    | Noticed an orb of fire
 33696 | Zot:4    | Noticed a Killer Klown
 33696 | Zot:4    | Noticed an ancient lich
 33697 | Zot:4    | Killed a Killer Klown
 33697 | Zot:4    | Reached XP level 26. HP: 124/206 MP: 40/40
 33697 | Zot:4    | Gained mutation: You are weak. (Str -2) [an orb of fire]
 33698 | Zot:4    | Killed an orb of fire
 33698 | Zot:4    | Killed an ancient lich
 33772 | Zot:5    | Entered Level 5 of the Realm of Zot
 34173 | Depths:2 | p0werm0de: https://www.youtube.com/watch?v=90dWGqN3ocE
 34315 | Vaults:1 | Entered Level 1 of the Vaults
 34490 | Vaults:1 | Thaneod: !subscribe
 34490 | Vaults:1 | beem: User Thaneod is already subscribed
 34560 | Vaults:2 | Found a staircase to the Crypt.
 34915 | Vaults:4 | Noticed Aizul
 34920 | Vaults:4 | Killed Aizul
 34957 | Vaults:4 | Noticed Jory
 34963 | Vaults:4 | Killed Jory
 35017 | Vaults:4 | Reached XP level 27. HP: 167/221 MP: 40/40
 35031 | Vaults:4 | Learned a level 6 spell: Iron Shot
 35035 | Vaults:5 | Entered Level 5 of the Vaults
 35041 | Vaults:5 | Reached skill level 10 in Translocations
 35092 | Vaults:5 | Thaneod: what a slaughter
 35255 | Vaults:5 | Got a silver rune of Zot
 35369 | Vaults:5 | Found Viosypot's General Store.
 35376 | Vaults:5 | Reached skill level 15 in Armour
 35380 | Vaults:5 | Bought a scroll of teleportation for 36 gold pieces
 35513 | Vaults:5 | Identified the +5 arbalest of Rywn {penet, rElec Dex+3 Stlth+} (You found it on level 5 of the Vaults)
 35517 | Vaults:5 | Identified the +1 morningstar of Instinct {drain, Str+3 Dex-2} (You found it on level 5 of the Vaults)
 35520 | Vaults:5 | Identified the +11 war axe of Bomiehem {venom, rElec rF- Str+9 Stlth+} (You found it on level 5 of the Vaults)
 35529 | Vaults:5 | Identified the Reference Book on Protection
 35537 | Vaults:5 | Learned a level 6 spell: Deflect Missiles
 35539 | Vaults:5 | Identified the +1 robe "Irhyshuw" {rElec rC+ MR+} (You found it on level 5 of the Vaults)
 35700 | Vaults:4 | Noticed Sojobo
 35704 | Vaults:4 | Killed Sojobo
 36023 | Vaults:1 | 4thArraOfDagon: bbl
 36023 | Vaults:1 | Upgraded the game from 0.21-a0-278-ga722497 to 0.21-a0-279-g6037ffb
 36065 | Crypt:1  | Entered Level 1 of the Crypt
 36300 | Crypt:3  | Entered Level 3 of the Crypt
 36300 | Crypt:3  | Noticed Frederick
 36304 | Crypt:3  | Killed Frederick
 36314 | Crypt:3  | Thaneod: gg
 36331 | Crypt:3  | Found a staircase to the Tomb.
 36351 | Crypt:3  | Noticed an ancient lich
 36351 | Crypt:3  | Cast into level 5 of the Abyss (an ancient lich)
 36351 | Abyss:5  | Entered Level 5 of the Abyss
 36352 | Abyss:5  | 4thArraOfDagon: o
 36352 | Abyss:5  | Thaneod: pff lvl 5
 36450 | Crypt:3  | Escaped the Abyss
 36460 | Crypt:3  | Killed an ancient lich
 36557 | Crypt:3  | Thaneod: idziesz po xp czy rune?
 36593 | Crypt:3  | 4thArraOfDagon: rune
 36593 | Crypt:3  | 4thArraOfDagon: a potem zig
 36593 | Crypt:3  | 4thArraOfDagon: :)
 36640 | Crypt:3  | Noticed an ancient lich
 36645 | Crypt:3  | Killed an ancient lich
 36700 | Crypt:3  | Identified the Tome of Confrontation
 36762 | Tomb:1   | Entered Level 1 of the Tomb of the Ancients
 36870 | Tomb:1   | Identified the Reference Book on Flight
 37059 | Tomb:1   | Noticed a greater mummy
 37064 | Tomb:1   | Killed a greater mummy
 37115 | Tomb:1   | Thaneod: mumia samobójca, scroll holy word
 37156 | Tomb:1   | Identified the ring "Wips" {rCorr rN+++ Dex-5 Stlth+} (You found it on level 1 of the Tomb of the Ancients)
 37189 | Tomb:1   | 4thArraOfDagon: :)
 37367 | Tomb:2   | Noticed a greater mummy
 37437 | Tomb:2   | Noticed a greater mummy
 37443 | Tomb:2   | Noticed a greater mummy
 37450 | Tomb:2   | Noticed a greater mummy
 37460 | Tomb:2   | Lost mutation: Your spells are a little harder to cast, but a little more powerful. [the power of Zot]
 37727 | Tomb:3   | Entered Level 3 of the Tomb of the Ancients
 37741 | Tomb:3   | Noticed a greater mummy
 37747 | Tomb:3   | Killed a greater mummy
 37753 | Tomb:3   | Noticed a greater mummy
 37758 | Tomb:3   | Noticed a greater mummy
 37759 | Tomb:3   | Killed a greater mummy
 37763 | Tomb:3   | Noticed a greater mummy
 37765 | Tomb:3   | 4thArraOfDagon: uhhh
 37765 | Tomb:3   | HP: 8/221 [greater mummy/divine providence (12)]
 37765 | Tomb:3   | Demolished by a death scarab

Vault maps used:
D:1:      lemuel_arrival_tunnels
D:2:      lemuel_crystal_altar, lemuel_crystal_altar, wad_orctagon
D:3:      fiery_altar_vehumet, elyvilon_altar_4, uniq_terence
D:4:      uniq_ijyb
D:5:      first_bread, nicolae_ossuary_entry_giza,
          grunt_dithmenos_smoke_and_mirrors
D:6:      gammafunk_cloud_chamber, nicolae_gozag_seed_capital,
          minmay_temple_entry_grid, nemelex_spade_bored_becter
D:7:      grunt_ogre_cave, minmay_small_thing, uniq_prince_ribbit1,
          uniq_menkaure
D:8:      nicolae_overflow_hidden_temple, st_stairs_6
D:9:      cheibrodos_statue_roulette, old_standard_altar
D:10:     david_lair_shrubbed, basic_altar
D:11:     david_orc_2, serial_glass, glass_columns_c, glass_columns_b
D:12:     lemuel_ice_statue, serial_ice, serial_ice_f, serial_ice_i,
          serial_ice_c, serial_ice_h, serial_ice_b, serial_ice_e, serial_ice_a,
          portal_ice_cave_demonic_guard
D:13:     kennysheep_treasure_stockpile, david_vaults_3
D:14:     small_statue_intersection
D:15:     grunt_enter_depths_magical_seal, serial_shops, nicolae_shop_waterfront
Lair:1:   uniq_fannar
Lair:2:   beast_lair_carwin_10, lemuel_fruit_tree, lemuel_fruit_fields,
          grunt_megastairs_4, uniq_sonja, uniq_harold
Lair:3:   lab_entry_generic
Lair:4:   minmay_swamp_entry_swarm, minmay_snake_entry_guardpost_small,
          serial_bayou_shore_a, minmay_lair_oklob_chamber, grunt_megastairs_1,
          infiniplex_staircase_pool
Lair:5:   slime_altar_2, eino_house_with_fridge, uniq_kirke
Lair:6:   cheibrodos_lair_end_hotspot
Swamp:1:  nicolae_swamp_trees_clearing
Swamp:2:  nicolae_swamp_godswood, st_swamp_mini, infiniplex_staircase_pool_2,
          uniq_roxanne
Swamp:3:  evilmike_swamp_ruin_house_1, swamp_pool3
Swamp:4:  swamp_alternative, uniq_donald
Snake:1:  serial_shops, shop
Snake:2:  serial_bayou_shore_b, serial_bayou_shore_b
Snake:3:  st_stairs_12, minmay_snake_pond
Snake:4:  minmay_snake_end_coiled, basic_stair_grate_trap, grunt_megastairs_2
Slime:2:  basic_altar
Slime:3:  cheibrodos_slime_lost_civilization_2
Slime:5:  uniq_dissolution
Orc:1:    uniq_nergalle, uniq_urug, uniq_snorg
Orc:2:    st_orc_rangers, basic_altar
Elf:1:    elf_arrival_001, kennysheep_underground_church, uniq_louise
Elf:2:    serial_shops, shop
Elf:3:    elf_hall, guppyfry_elf_altar
Vaults:1: nicolae_vaults_big_ls, hangedman_vaults_stagger,
          vaults_room_door_ring, v_misc_11, v_misc_15, nicolae_vaults_network_s,
          st_squares, v_rooms_3, v_misc_25, dpeg_vaults_monster_box,
          nicolae_vaults_theta, ontoclasm_vaults_ring_large, vaults_room_pools
Vaults:2: v_misc_16, grunt_vaults_twisty, minmay_crypt_entry_simple_sparse,
          vaults_dpeg_diagonal, v_alt_pattern_5, v_misc_24,
          hangedman_vaults_stream, v_misc_8, ontoclasm_vaults_echo
Vaults:3: v_misc_9, vaults_dpeg_encased_lava, vaults_standard_mumra_x,
          nicolae_vaults_diagonal_hallway_7, ontoclasm_vaults_fault, v_rooms_1,
          v_misc_28, v_misc_29, v_misc_18, v_misc_16, vaults_dpeg_cross,
          nicolae_vaults_gold_heap, basic_altar
Vaults:4: nicolae_vaults_network_barrier, hangedman_vaults_variations,
          grunt_vaults_trifunnel, hangedman_vaults_snaps, vaults_room_door_ring,
          vaults_room_fancy_cross, ontoclasm_vaults_claustrophobia, v_misc_18,
          v_misc_16, vaults_room_fours, uniq_margery, uniq_jory, uniq_aizul,
          uniq_sojobo
Crypt:1:  cheibrodos_crypt_eye_of_stone
Crypt:2:  basic_stair_grate_trap
Crypt:3:  due_elkab, uniq_frederick
Depths:1: lightli_too_deep, minmay_tree_intersection, pan_entry,
          grunt_ministairs_4, minmay_hollow_rounded_squares
Depths:2: minmay_crescents, hell_entry, nicolae_abyss_entry_one_way_or_another
Depths:3: minmay_the_grid_octo_tiled_squarecenter, grunt_pan_entry_zigzag,
          pf_hell_entry_tar_river, st_stairs_2, kennysheep_small_square,
          uniq_mennas
Depths:4: cheibrodos_leafed_vault, enter_ziggurat_e, abyss_entry, hell_entry,
          nicolae_wwwww, infiniplex_staircase_pool_lava
Depths:5: grunt_zot_entry_bicorn, minmay_misc_feat_chi, rand_demon_pan_entry_3,
          hell_entry
Zot:3:    st_single_dragon_hoard_1
Zot:4:    lemuel_firehouse, door_vault
Abyss:5:  evilmike_abyss_exit_14, minivault_23,
          evilmike_abyss_rune_siren_acolytes
Lab:      labyrinth_spiral
Ossuary:  ossuary_crypta

Skill      XL: |  1  2  3  4  5  6  7  8  9 10 11 12 13 14 15 16 17 18 19 20 21 22 23 24 25 26 27 |
---------------+----------------------------------------------------------------------------------+-----
Ice Magic      | 3 4 5 6 7 8 10 11 12 13 15 16 17 18 19 | 19.3
Fighting       | 2 4 5 6 9 11 13 | 13.0
Spellcasting   | 2 3 4 5 6 7 8 9 10 11 12 13 14 15 16 17 18 20 | 20.6
Conjurations   | 3 5 7 9 11 12 13 15 16 17 18 19 21 22 23 24 | 24.6
Necromancy     | 1 2 |  2.6
Evocations     | 1 5 6 |  6.2
Shields        | 5 |  5.3
Dodging        | 3 5 |  5.4
Armour         | 3 7 10 11 12 13 16 | 16.9
Translocations | 6 9 14 | 14.8
Stealth        | |  1.5

Action                   |  1- 3 |  4- 6 |  7- 9 | 10-12 | 13-15 | 16-18 | 19-21 | 22-24 | 25-27 || total
-------------------------+-------+-------+-------+-------+-------+-------+-------+-------+-------++-------
Melee: Unarmed           |    24 |       |       |       |       |       |       |       |       ||    24
       Short sword       |     4 |     9 |       |       |       |       |       |       |       ||    13
       Flail             |       |   171 |    82 |       |       |       |       |       |       ||   253
       Morningstar       |       |       |   218 |   298 |    53 |       |       |       |       ||   569
       Great mace        |       |       |       |    55 |       |       |       |       |       ||    55
       War axe           |       |       |       |    45 |    40 |    30 |       |       |       ||   115
       Staff             |       |       |       |       |    21 |     4 |       |     7 |    34 ||    66
       Scythe            |       |       |       |       |     4 |       |       |       |       ||     4
       Falchion          |       |       |       |       |       |     7 |       |       |       ||     7
Throw: Throwing net      |       |       |       |     1 |       |       |       |       |       ||     1
 Cast: Freeze            |    26 |    22 |   135 |   318 |   156 |    42 |       |       |       ||   699
       Throw Icicle      |       |       |     5 |   122 |   234 |   149 |    22 |     9 |     4 ||   545
       Summon Ice Beast  |       |       |       |     7 |     2 |       |       |       |       ||     9
       Bolt of Draining  |       |       |       |     9 |     3 |       |       |       |       ||    12
       Ozocubu's Refrige |       |       |       |       |   102 |   156 |   116 |       |       ||   374
       Regeneration      |       |       |       |       |     3 |    27 |    67 |    26 |    72 ||   195
       Freezing Cloud    |       |       |       |       |       |    11 |       |       |       ||    11
       Orb of Destructio |       |       |       |       |       |    31 |    61 |    46 |    69 ||   207
       Bolt of Cold      |       |       |       |       |       |    49 |   119 |   115 |    85 ||   368
       Sublimation of Bl |       |       |       |       |       |     1 |     2 |    11 |    26 ||    40
       Apportation       |       |       |       |       |       |       |     3 |     1 |     5 ||     9
       Glaciate          |       |       |       |       |       |       |    33 |   117 |   196 ||   346
       Iron Shot         |       |       |       |       |       |       |       |       |    42 ||    42
       Passage of Golubr |       |       |       |       |       |       |       |       |     1 ||     1
 Abil: Stop Flying       |       |       |       |     1 |     8 |     2 |       |       |       ||    11
       Evoke Flight      |       |       |       |       |     8 |     2 |       |       |       ||    10
       Evoke Blink       |       |       |       |       |       |       |       |     2 |     4 ||     6
Evoke: Wand              |       |       |     8 |    19 |     9 |     8 |     3 |       |       ||    47
       Staff of energy   |       |       |       |       |       |    11 |   133 |    12 |    35 ||   191
       Lamp of fire      |       |       |       |       |       |     1 |       |       |       ||     1
  Use: Scroll            |       |     6 |     8 |    12 |     8 |    29 |    12 |     3 |    25 ||   103
       Potion            |       |     1 |     1 |     7 |     4 |     2 |     6 |     2 |     5 ||    28
 Stab: Distracted        |       |     1 |       |     1 |       |       |       |       |       ||     2
       Sleeping          |       |     1 |       |       |       |       |       |       |       ||     1
       Paralysed         |       |       |     4 |       |       |       |       |       |       ||     4
  Eat: Chunk             |       |    11 |    12 |    44 |    59 |    52 |    27 |    49 |    16 ||   270
       Fruit             |       |       |       |     4 |       |    12 |     4 |     3 |     4 ||    27
       Bread ration      |       |       |       |     1 |       |       |    11 |     2 |    10 ||    24
       Royal jelly       |       |       |       |       |       |    10 |       |     3 |     3 ||    16
       Meat ration       |       |       |       |       |       |       |       |     1 |       ||     1
Armor: Troll leather arm |    12 |    48 |    29 |   183 |    66 |       |       |       |       ||   338
       Ring mail         |       |     3 |   177 |   205 |   187 |    92 |    62 |    48 |   119 ||   893
Dodge: Dodged            |    20 |   102 |   304 |   533 |   300 |    74 |    43 |    57 |   150 ||  1583
Block: Buckler           |       |       |       |       |       |       |     6 |    30 |    99 ||   135
       Rpst.: Falchion   |       |       |       |       |       |     2 |       |       |       ||     2

Table legend:
 A = Spawn XP
 B = Non-spawn XP
 C = Spawn XP percentage of total XP
 D = Spawn monster count
 E = Non-spawn monster count
 F = Spawn count percentage of total count
 G = Total turns spent on level
                    A         B        C        D         E        F      G
               +---------+---------+-------+---------+---------+-------+---------
         Total |   12922 | 1642645 |   0.8 |      12 |    2279 |   0.5 | 37765
               +---------+---------+-------+---------+---------+-------+---------
           D:1 |       0 |       3 |   0.0 |       0 |       2 |   0.0 |   315
           D:2 |       0 |      90 |   0.0 |       0 |      21 |   0.0 |   465
           D:3 |       0 |     133 |   0.0 |       0 |      21 |   0.0 |   556
           D:4 |       0 |     247 |   0.0 |       0 |       9 |   0.0 |   385
           D:5 |       0 |     348 |   0.0 |       0 |      17 |   0.0 |   558
           D:6 |       0 |     421 |   0.0 |       0 |      12 |   0.0 |   729
           D:7 |       0 |    1353 |   0.0 |       0 |      30 |   0.0 |   774
           D:8 |       0 |    1918 |   0.0 |       0 |      23 |   0.0 |   753
           D:9 |       0 |    4525 |   0.0 |       0 |      23 |   0.0 |  1148
          D:10 |       0 |    3226 |   0.0 |       0 |      23 |   0.0 |  1063
          D:11 |       0 |    3231 |   0.0 |       0 |      32 |   0.0 |   957
          D:12 |       0 |    5533 |   0.0 |       0 |      38 |   0.0 |  1133
          D:13 |       0 |   23444 |   0.0 |       0 |      62 |   0.0 |   562
          D:14 |       0 |   11446 |   0.0 |       0 |      26 |   0.0 |   324
          D:15 |       0 |    9022 |   0.0 |       0 |      18 |   0.0 |   186
        Lair:1 |       0 |    2237 |   0.0 |       0 |       7 |   0.0 |   431
        Lair:2 |       0 |    4061 |   0.0 |       0 |      12 |   0.0 |   594
        Lair:3 |       0 |    7538 |   0.0 |       0 |      19 |   0.0 |   491
        Lair:4 |       0 |    7042 |   0.0 |       0 |      30 |   0.0 |   845
        Lair:5 |       0 |    7776 |   0.0 |       0 |      25 |   0.0 |   678
        Lair:6 |       0 |   16540 |   0.0 |       0 |      60 |   0.0 |   848
       Swamp:1 |       0 |   14406 |   0.0 |       0 |      37 |   0.0 |   883
       Swamp:2 |       0 |   12932 |   0.0 |       0 |      27 |   0.0 |   491
       Swamp:3 |       0 |   14267 |   0.0 |       0 |      33 |   0.0 |   973
       Swamp:4 |       0 |   28598 |   0.0 |       0 |      47 |   0.0 |  1273
       Snake:1 |       0 |    8108 |   0.0 |       0 |      16 |   0.0 |   329
       Snake:2 |       0 |   25746 |   0.0 |       0 |      44 |   0.0 |   700
       Snake:3 |       0 |   13867 |   0.0 |       0 |      31 |   0.0 |   450
       Snake:4 |       0 |   43719 |   0.0 |       0 |      77 |   0.0 |   710
       Slime:1 |       0 |   11426 |   0.0 |       0 |      23 |   0.0 |   217
       Slime:2 |       0 |   28169 |   0.0 |       0 |      43 |   0.0 |   246
       Slime:3 |       0 |   24204 |   0.0 |       0 |      44 |   0.0 |   321
       Slime:4 |       0 |   19497 |   0.0 |       0 |      28 |   0.0 |   375
       Slime:5 |       0 |   62000 |   0.0 |       0 |      51 |   0.0 |   842
         Orc:1 |       0 |    8789 |   0.0 |       0 |      51 |   0.0 |  1064
         Orc:2 |       0 |    7343 |   0.0 |       0 |      62 |   0.0 |  1593
         Elf:1 |       0 |   11477 |   0.0 |       0 |      18 |   0.0 |   899
         Elf:2 |       0 |   16737 |   0.0 |       0 |      32 |   0.0 |  1129
         Elf:3 |       0 |   61016 |   0.0 |       0 |      53 |   0.0 |  2142
      Vaults:1 |       0 |   21319 |   0.0 |       0 |      38 |   0.0 |   294
      Vaults:2 |       0 |    9703 |   0.0 |       0 |      12 |   0.0 |   129
      Vaults:3 |       0 |   36233 |   0.0 |       0 |      58 |   0.0 |   354
      Vaults:4 |       0 |   33913 |   0.0 |       0 |      25 |   0.0 |   312
      Vaults:5 |       0 |  161040 |   0.0 |       0 |     156 |   0.0 |   661
       Crypt:1 |       0 |   17330 |   0.0 |       0 |      21 |   0.0 |    92
       Crypt:2 |       0 |   15148 |   0.0 |       0 |      20 |   0.0 |   145
       Crypt:3 |       0 |   53978 |   0.0 |       0 |      55 |   0.0 |   361
        Tomb:1 |       0 |   40264 |   0.0 |       0 |      51 |   0.0 |   662
        Tomb:2 |       0 |   24913 |   0.0 |       0 |      35 |   0.0 |   303
        Tomb:3 |       0 |   37652 |   0.0 |       0 |      47 |   0.0 |    38
      Depths:1 |       0 |   57522 |   0.0 |       0 |      78 |   0.0 |   747
      Depths:2 |       0 |   92101 |   0.0 |       0 |      80 |   0.0 |   616
      Depths:3 |       0 |  110739 |   0.0 |       0 |      99 |   0.0 |   818
      Depths:4 |       0 |   24327 |   0.0 |       0 |      17 |   0.0 |   275
      Depths:5 |       0 |   75472 |   0.0 |       0 |      67 |   0.0 |   564
         Zot:1 |       0 |   36831 |   0.0 |       0 |      22 |   0.0 |   479
         Zot:2 |       0 |   41873 |   0.0 |       0 |      25 |   0.0 |   412
         Zot:3 |       0 |   24674 |   0.0 |       0 |      15 |   0.0 |   250
         Zot:4 |       0 |  179635 |   0.0 |       0 |     101 |   0.0 |   516
         Zot:5 |       0 |   16087 |   0.0 |       0 |       9 |   0.0 |   107
       Abyss:5 |   12922 |    8129 |  61.4 |      12 |      10 |  54.5 |    99
           Lab |       0 |    1105 |   0.0 |       0 |       1 |   0.0 |   761
       Ossuary |       0 |     222 |   0.0 |       0 |      10 |   0.0 |   338
               +---------+---------+-------+---------+---------+-------+---------
